TOP OF THE 1ST |
Irvine Gang Green batting - Pitching for Hendersonville Hitmen : RHP Yong-hoon Park
|
Pitching: RHP Yong-hoon Park
|
|
Batting: LHB José Sánchez
|
0-0: Ball 1-0: Called Strike 1-1: Called Strike 1-2: Ground out U3 (Groundball, 34)
|
Batting: RHB Tom Doherty
|
0-0: Called Strike 0-1: Ball 1-1: Foul Ball, location: 2F 1-2: Foul Ball, location: 2F 1-2: Strikes out swinging
|
Batting: LHB Jorge Martínez
|
0-0: Called Strike 0-1: SINGLE (Flyball, 89S)
|
Batting: LHB Víctor Quiñones
|
0-0: Called Strike 0-1: Called Strike 0-2: Fielders Choice at 2nd, 4-6 (Groundball, 4)
|
Top of the 1st over - 0 run(s), 1 hit(s), 0 error(s), 0 left on base; Irvine 0 - Hendersonville 0 |
BOTTOM OF THE 1ST |
Hendersonville Hitmen batting - Pitching for Irvine Gang Green : LHP Frank Jackson
|
Pitching: LHP Frank Jackson
|
|
Batting: RHB Lonson Seals
|
0-0: Swinging Strike 0-1: Ball 1-1: Ball 2-1: Fly out, F9 (Flyball, 9)
|
Batting: RHB Bill Mark
|
0-0: Called Strike 0-1: Ground out 5-3 (Groundball, 56S)
|
Batting: LHB Tony Abete
|
0-0: Ball 1-0: Swinging Strike 1-1: Called Strike 1-2: Strikes out swinging
|
Bottom of the 1st over - 0 run(s), 0 hit(s), 0 error(s), 0 left on base; Irvine 0 - Hendersonville 0 |
TOP OF THE 2ND |
Irvine Gang Green batting - Pitching for Hendersonville Hitmen : RHP Yong-hoon Park
|
Batting: RHB Buck Jones
|
0-0: Foul Ball, location: 2F 0-1: Ball 1-1: Ground out 6-3 (Groundball, 56)
|
Batting: LHB Jesús Campos
|
0-0: Called Strike 0-1: Called Strike 0-2: Ball 1-2: Ball 2-2: Ground out U3 (Groundball, 3)
|
Batting: RHB José Salazar
|
0-0: Ball 1-0: Called Strike 1-1: Ground out 5-3 (Groundball, 56)
|
Top of the 2nd over - 0 run(s), 0 hit(s), 0 error(s), 0 left on base; Irvine 0 - Hendersonville 0 |
BOTTOM OF THE 2ND |
Hendersonville Hitmen batting - Pitching for Irvine Gang Green : LHP Frank Jackson
|
Batting: RHB Robert Buckley
|
0-0: Ball 1-0: Called Strike 1-1: SINGLE (Line Drive, 8LS)
|
Batting: LHB Lorenzo Quintanilla
|
0-0: Ball 1-0: Swinging Strike 1-1: Ball 2-1: Ball 3-1: Foul Ball, location: 2F 3-2: Base on Balls Robert Buckley to second
|
Batting: RHB Felipe Rivera
|
0-0: Grounds into double play, 6-4-3 (Groundball, 6) Robert Buckley to third
|
Batting: RHB Eduardo García
|
0-0: Ball 1-0: Fly out, F4 (Line Drive, 4M)
|
Bottom of the 2nd over - 0 run(s), 1 hit(s), 0 error(s), 1 left on base; Irvine 0 - Hendersonville 0 |
TOP OF THE 3RD |
Irvine Gang Green batting - Pitching for Hendersonville Hitmen : RHP Yong-hoon Park
|
Batting: LHB Bill Murphy
|
0-0: Ball 1-0: Ball 2-0: Bunt for hit - play at first, batter safe!
|
Batting: RHB Tyler Wagner
|
0-0: Called Strike 0-1: Ball 1-1: Swinging Strike 1-2: Ball 2-2: Foul Ball, location: 2F 2-2: Grounds into double play, 6-4-3 (Groundball, 6)
|
Batting: LHB José Sánchez
|
0-0: Called Strike 0-1: Called Strike 0-2: Ball 1-2: SOLO HOME RUN (Line Drive, 9LD), Distance : 378 ft
|
Batting: RHB Tom Doherty
|
0-0: Called Strike 0-1: Ground out 6-3 (Groundball, 6S)
|
Top of the 3rd over - 1 run(s), 2 hit(s), 0 error(s), 0 left on base; Irvine 1 - Hendersonville 0 |
BOTTOM OF THE 3RD |
Hendersonville Hitmen batting - Pitching for Irvine Gang Green : LHP Frank Jackson
|
Batting: RHB Sugita Ito
|
0-0: Ball 1-0: Fly out, F8 (Flyball, 8LM)
|
Batting: RHB Robert Bly
|
0-0: Fly out, F9 (Flyball, 9)
|
Batting: RHB Lonson Seals
|
0-0: Ball 1-0: Ball 2-0: Ground out 6-3 (Groundball, 6)
|
Bottom of the 3rd over - 0 run(s), 0 hit(s), 0 error(s), 0 left on base; Irvine 1 - Hendersonville 0 |
TOP OF THE 4TH |
Irvine Gang Green batting - Pitching for Hendersonville Hitmen : RHP Yong-hoon Park
|
Batting: LHB Jorge Martínez
|
0-0: Ball 1-0: Ball 2-0: Foul Ball, location: 2F 2-1: Foul Ball, location: 2F 2-2: Ball 3-2: SINGLE (Groundball, 56D)
|
Batting: LHB Víctor Quiñones
|
0-0: Ball 1-0: SINGLE (Line Drive, 89M) Jorge Martínez to second
|
Batting: RHB Buck Jones
|
0-0: Foul Ball, location: 2F 0-1: SINGLE (Line Drive, 7S) Jorge Martínez to third Víctor Quiñones to second
|
Batting: LHB Jesús Campos
|
0-0: Ball 1-0: Ball 2-0: SINGLE (Line Drive, 34) Jorge Martínez scores Víctor Quiñones to third Buck Jones to second
|
Batting: RHB José Salazar
|
0-0: Called Strike 0-1: Ball 1-1: Ball 2-1: Called Strike 2-2: Ball 3-2: SINGLE (Line Drive, 7LS) Víctor Quiñones scores Buck Jones to third Jesús Campos to second Runner from 3rd tries for Home, SAFE, throw made home Jesús Campos to third José Salazar to second
|
Batting: LHB Bill Murphy
|
0-0: Foul Ball, location: 2F 0-1: Called Strike 0-2: Ball 1-2: Ball 2-2: Ball 3-2: Fly out, F7 (Flyball, 7) Runner from 3rd tags up, SCORES, no throw
|
Batting: RHB Tyler Wagner
|
0-0: Ball 1-0: Ground out 6-3 (Groundball, 6)
|
Batting: LHB José Sánchez
|
0-0: Ground out 5-3 (Groundball, 56S)
|
Top of the 4th over - 4 run(s), 5 hit(s), 0 error(s), 1 left on base; Irvine 5 - Hendersonville 0 |
BOTTOM OF THE 4TH |
Hendersonville Hitmen batting - Pitching for Irvine Gang Green : LHP Frank Jackson
|
Batting: RHB Bill Mark
|
0-0: Called Strike 0-1: Ball 1-1: Ball 2-1: Ball 3-1: Foul Ball, location: 2F 3-2: Strikes out swinging
|
Batting: LHB Tony Abete
|
0-0: Called Strike 0-1: Foul Ball, location: 2F 0-2: Fly out, F9 (Flyball, 9S)
|
Batting: RHB Robert Buckley
|
0-0: Ball 1-0: Foul Ball, location: 2F 1-1: Ball 2-1: Swinging Strike 2-2: Ground out 6-3 (Groundball, 6S)
|
Bottom of the 4th over - 0 run(s), 0 hit(s), 0 error(s), 0 left on base; Irvine 5 - Hendersonville 0 |
TOP OF THE 5TH |
Irvine Gang Green batting - Pitching for Hendersonville Hitmen : RHP Yong-hoon Park
|
Pitching: RHP Rafael López
|
|
Batting: RHB Tom Doherty
|
0-0: Ball 1-0: Ground out 5-3 (Groundball, 56S)
|
Batting: LHB Jorge Martínez
|
0-0: Ball 1-0: Foul Ball, location: 2F 1-1: Ball 2-1: Ground out 4-3 (Groundball, 4)
|
Batting: LHB Víctor Quiñones
|
0-0: Fly out, F4 (Popup, 34D)
|
Top of the 5th over - 0 run(s), 0 hit(s), 0 error(s), 0 left on base; Irvine 5 - Hendersonville 0 |
BOTTOM OF THE 5TH |
Hendersonville Hitmen batting - Pitching for Irvine Gang Green : LHP Frank Jackson
|
Batting: LHB Lorenzo Quintanilla
|
0-0: Called Strike 0-1: Foul Ball, location: 2F 0-2: Ground out 4-3 (Groundball, 4)
|
Batting: RHB Felipe Rivera
|
0-0: Ball 1-0: Ball 2-0: Foul Ball, location: 2F 2-1: Ball 3-1: Foul Ball, location: 2F 3-2: Strikes out swinging
|
Batting: RHB Eduardo García
|
0-0: Called Strike 0-1: Ball 1-1: Fly out, F8 (Flyball, 89XD)
|
Bottom of the 5th over - 0 run(s), 0 hit(s), 0 error(s), 0 left on base; Irvine 5 - Hendersonville 0 |
TOP OF THE 6TH |
Irvine Gang Green batting - Pitching for Hendersonville Hitmen : RHP Rafael López
|
Batting: RHB Buck Jones
|
0-0: Ground out 6-3 (Groundball, 6)
|
Batting: LHB Jesús Campos
|
0-0: Ball 1-0: Foul Ball, location: 2F 1-1: Ball 2-1: Ball 3-1: Base on Balls
|
Batting: RHB José Salazar
|
0-0: Called Strike 0-1: Fly out, F9 (Flyball, 89XD)
|
Batting: LHB Bill Murphy
|
0-0: Ball 1-0: Called Strike 1-1: Ball 2-1: Ball 3-1: SINGLE (Groundball, 3D) Jesús Campos to second Runner from 2nd tries for 3rd, SAFE, no throw
|
Batting: RHB Tyler Wagner
|
0-0: Ball 1-0: Called Strike 1-1: Ball 2-1: Ball 3-1: Base on Balls Bill Murphy to second
|
Batting: LHB José Sánchez
|
0-0: Foul Ball, location: 2F 0-1: Foul Ball, location: 2F 0-2: SINGLE (Line Drive, 56) Jesús Campos scores Bill Murphy to third Tyler Wagner to second Runner from 3rd tries for Home, SAFE, no throw
|
Batting: RHB Tom Doherty
|
0-0: Reached on error, E6 (Groundball, 6) Tyler Wagner to third José Sánchez to second
|
Batting: LHB Jorge Martínez
|
0-0: Ball 1-0: Ball 2-0: Ball 3-0: Base on Balls Tyler Wagner scores José Sánchez to third Tom Doherty to second
|
Batting: LHB Víctor Quiñones
|
0-0: Called Strike 0-1: Ground out 3-1 (Groundball, 34S)
|
Top of the 6th over - 3 run(s), 2 hit(s), 1 error(s), 3 left on base; Irvine 8 - Hendersonville 0 |
BOTTOM OF THE 6TH |
Hendersonville Hitmen batting - Pitching for Irvine Gang Green : LHP Frank Jackson
|
Batting: RHB Sugita Ito
|
0-0: Ground out 5-3 (Groundball, 56)
|
Batting: RHB Robert Bly
|
0-0: Called Strike 0-1: Ground out 5-3 (Groundball, 56)
|
Batting: RHB Lonson Seals
|
0-0: Ball 1-0: Called Strike 1-1: Ball 2-1: Ground out 4-3 (Groundball, 4)
|
Bottom of the 6th over - 0 run(s), 0 hit(s), 0 error(s), 0 left on base; Irvine 8 - Hendersonville 0 |
TOP OF THE 7TH |
Irvine Gang Green batting - Pitching for Hendersonville Hitmen : RHP Rafael López
|
Batting: RHB Buck Jones
|
0-0: Foul Ball, location: 2F 0-1: Called Strike 0-2: Fly out, F7 (Flyball, 78M)
|
Batting: LHB Jesús Campos
|
0-0: Swinging Strike 0-1: Ground out 4-3 (Groundball, 4)
|
Batting: RHB José Salazar
|
0-0: Ball 1-0: Ground out 5-3 (Groundball, 56S)
|
Top of the 7th over - 0 run(s), 0 hit(s), 0 error(s), 0 left on base; Irvine 8 - Hendersonville 0 |
BOTTOM OF THE 7TH |
Hendersonville Hitmen batting - Pitching for Irvine Gang Green : LHP Frank Jackson
|
Now in CF: Tony Tavárez
|
|
Batting: RHB Bill Mark
|
0-0: Foul Ball, location: 2F 0-1: Called Strike 0-2: SINGLE (Line Drive, 7S)
|
Batting: LHB Tony Abete
|
0-0: Called Strike 0-1: Ball 1-1: Called Strike 1-2: 2-RUN HOME RUN (Flyball, 89XD), Distance : 434 ft
|
Batting: RHB Robert Buckley
|
0-0: Ball 1-0: Ball 2-0: Called Strike 2-1: Ball 3-1: Base on Balls
|
Batting: LHB Lorenzo Quintanilla
|
0-0: Called Strike 0-1: Ball 1-1: Foul Ball, location: 2F 1-2: Foul Ball, location: 2F 1-2: Ball 2-2: Foul Ball, location: 2F 2-2: Ball 3-2: SINGLE (Line Drive, 7LS) Robert Buckley to second Robert Buckley to third
|
Batting: RHB Felipe Rivera
|
0-0: Ball 1-0: Called Strike 1-1: Called Strike 1-2: Foul Ball, location: 2F 1-2: Foul Ball, location: 2F 1-2: Foul Ball, location: 2F 1-2: Strikes out swinging
|
Batting: RHB Eduardo García
|
0-0: Ball 1-0: Called Strike 1-1: Called Strike 1-2: Ground out 2-3 (Groundball, 15S) Lorenzo Quintanilla to second
|
Batting: RHB Sugita Ito
|
0-0: Called Strike 0-1: Ball 1-1: Foul Ball, location: 2F 1-2: Foul Ball, location: 2F 1-2: Fly out, F9 (Flyball, 89M)
|
Bottom of the 7th over - 2 run(s), 3 hit(s), 0 error(s), 2 left on base; Irvine 8 - Hendersonville 2 |
TOP OF THE 8TH |
Irvine Gang Green batting - Pitching for Hendersonville Hitmen : RHP Rafael López
|
Batting: LHB Bill Murphy
|
0-0: Ball 1-0: Called Strike 1-1: Foul Ball, location: 2F 1-2: Ball 2-2: Fly out, F8 (Flyball, 8RM)
|
Batting: RHB Tyler Wagner
|
0-0: Ground out 4-3 (Groundball, 4)
|
Batting: LHB José Sánchez
|
0-0: Swinging Strike 0-1: Ball 1-1: Swinging Strike 1-2: Ball 2-2: Ball 3-2: Ground out 3-1 (Groundball, 2R)
|
Top of the 8th over - 0 run(s), 0 hit(s), 0 error(s), 0 left on base; Irvine 8 - Hendersonville 2 |
BOTTOM OF THE 8TH |
Hendersonville Hitmen batting - Pitching for Irvine Gang Green : LHP Frank Jackson
|
Now at 2B: Aaron Wilson
|
|
Batting: RHB Robert Bly
|
0-0: Ball 1-0: Ball 2-0: Ball 3-0: Called Strike 3-1: Foul Ball, location: 2F 3-2: Ground out 5-3 (Groundball, 5L)
|
Batting: RHB Lonson Seals
|
0-0: Called Strike 0-1: Ball 1-1: Called Strike 1-2: Ball 2-2: Ground out 4-3 (Groundball, 4S)
|
Batting: RHB Bill Mark
|
0-0: Ball 1-0: Ground out 5-3 (Groundball, 56S)
|
Bottom of the 8th over - 0 run(s), 0 hit(s), 0 error(s), 0 left on base; Irvine 8 - Hendersonville 2 |
TOP OF THE 9TH |
Irvine Gang Green batting - Pitching for Hendersonville Hitmen : RHP Rafael López
|
Pitching: RHP Robinson Gonzáles
|
|
Batting: RHB Tom Doherty
|
0-0: Foul Ball, location: 2F 0-1: Ball 1-1: SINGLE (Groundball, 6MD)
|
Batting: LHB Jorge Martínez
|
0-0: Called Strike 0-1: Swinging Strike 0-2: Ball 1-2: Strikes out swinging
|
Batting: LHB Víctor Quiñones
|
0-0: Ball 1-0: Called Strike 1-1: Foul Ball, location: 2F 1-2: SINGLE (Line Drive, 34D) Tom Doherty to second
|
Batting: RHB Buck Jones
|
0-0: Ball 1-0: Swinging Strike 1-1: 3-RUN HOME RUN (Line Drive, 78D), Distance : 420 ft
|
Pitching: RHP Juan Nieto
|
|
Batting: LHB Tony Tavárez
|
0-0: Called Strike 0-1: Swinging Strike 0-2: Ball 1-2: Foul Ball, location: 2F 1-2: Ground out 3-1 (Groundball, 23)
|
Batting: RHB José Salazar
|
0-0: Ball 1-0: Called Strike 1-1: Ball 2-1: Called Strike 2-2: SINGLE (Flyball, 7LS)
|
Batting: LHB Bill Murphy
|
0-0: Called Strike 0-1: Ball 1-1: Ground out 1-3 (Groundball, 13S)
|
Top of the 9th over - 3 run(s), 4 hit(s), 0 error(s), 1 left on base; Irvine 11 - Hendersonville 2 |
BOTTOM OF THE 9TH |
Hendersonville Hitmen batting - Pitching for Irvine Gang Green : LHP Frank Jackson
|
Pitching: LHP Santiago González
|
|
Batting: LHB Tony Abete
|
0-0: Ball 1-0: Swinging Strike 1-1: Called Strike 1-2: Ball 2-2: Strikes out swinging
|
Pinch Hitting: RHB Jesús Cruz
|
0-0: Swinging Strike 0-1: Foul Ball, location: 2F 0-2: Strikes out looking
|
Batting: LHB Lorenzo Quintanilla
|
0-0: Called Strike 0-1: Ball 1-1: Called Strike 1-2: Fly out, F7 (Flyball, 7LSF)
|
Bottom of the 9th over - 0 run(s), 0 hit(s), 0 error(s), 0 left on base; Irvine 11 - Hendersonville 2 |
|